Map: 시뮬레이크럼 - 래더

Players

BlyOnFire (Bly) - Winner!

  • Race: Zerg Zerg
  • League: Grandmaster
  • Spawn Location: 5:00

Cure

  • Race: Terran Terran
  • League: Master
  • Spawn Location: 11:00

VOD

Have the link to the VOD?

Description

Time

  • Played on: Jan. 13, 2020, 2:58 p.m.
  • Length: 10:30
Show
View Real Time Build Order
Export as new Build Order

BlyOnFire Zerg - Winner!

Build Orders: Hatch First 

Get SALT Encoding   

  12  0:01  Drone  
  13  0:12  Overlord  
  13  0:17  Drone  
  14  0:31  Drone x2  
  16  0:48  Hatchery  
  15  0:51  Drone  
  15  0:55  Drone  
  17  0:58  Drone  
  18  1:08  Extractor  
  17  1:14  Spawning Pool  
  17  1:16  Drone  
  17  1:20  Drone  
  18  1:28  Drone  
  19  1:39  Drone  
  20  1:49  Overlord  
  20  2:02  Queen x2  
  20  2:04  Zergling x4  
  26  2:12  Drone x2  
  26  2:14  Metabolic Boost  
  28  2:22  Drone x2  
  30  2:37  Hatchery  
  30  2:41  Drone x2  
  31  2:47  Queen  
  33  2:53  Drone  
  33  2:57  Drone, Overlord  
  35  3:18  Drone x4  
  39  3:21  Overlord  
  39  3:24  Zergling x6  
  42  3:35  Drone x2  
  43  3:45  Drone  
  43  3:47  Drone  
  45  3:50  Queen x2  
  45  3:51  Drone x2  
  53  3:56  Lair  
  53  3:59  Overlord  
  51  4:04  Drone x6  
  57  4:17  Drone x3  
  57  4:22  Drone x7, Roach Warren  
  62  4:28  Queen  
  64  4:36  Overlord x2  
  64  4:38  Extractor  
  64  4:39  Extractor  
  64  4:40  Extractor  
  64  4:41  Zergling x6  
  65  4:50  Zergling x2  
  66  4:58  Nydus Network  
  65  5:06  Queen x3  
  71  5:10  Zergling x22  
  80  5:27  Spore Crawler  
  77  5:28  Spore Crawler  
  77  5:29  Spore Crawler  
  77  5:32  Roach x3  
  81  5:38  Overlord  
  81  5:40  Spore Crawler  
  82  5:42  Roach  
  82  5:44  Overlord  
  82  5:46  Nydus Canal  
  80  5:56  Overseer  
  76  5:58  Roach x3  
  81  6:05  Roach x4  
  89  6:17  Overlord x2  
  89  6:19  Nydus Canal  
  89  6:25  Overlord x2  
  89  6:27  Extractor  
  88  6:33  Nydus Canal  
  87  6:44  Drone x13  
  98  6:48  Queen x3  
  98  6:49  Extractor x2  
  98  6:50  Spire  
  90  7:23  Drone x3  
  90  7:24  Drone x4  
  97  7:34  Glial Reconstitution  
  97  7:37  Hatchery  
  96  7:58  Overlord x7  
  96  8:02  Overseer  
  96  8:04  Overlord  
  96  8:11  Overlord  
  96  8:24  Corruptor x10  
  116  8:29  Infestation Pit  
  115  8:38  Nydus Canal  
  115  8:43  Roach x9  
  132  8:56  Hatchery  
  132  9:01  Nydus Canal  
  131  9:09  Overlord  
  132  9:10  Drone x11  
  136  9:25  Extractor  
  136  9:26  Extractor  
  136  9:31  Nydus Canal  
  132  9:34  Zergling x24  
  144  9:47  Drone  
  144  9:48  Drone  
  139  10:00  Zergling x6  
  139  10:01  Zergling x20  
Show
View Real Time Build Order
Export as new Build Order

Cure Terran 

Build Orders: Reaper Expand, Mech 

Get SALT Encoding   

  12  0:00  SCV  
  13  0:13  SCV  
  14  0:17  Supply Depot  
  14  0:25  SCV  
  15  0:38  SCV  
  15  0:40  Barracks  
  16  0:43  Refinery  
  16  0:50  SCV  
  17  1:03  SCV  
  18  1:15  SCV  
  19  1:27  Reaper  
  19  1:28  Orbital Command  
  20  1:39  Command Center  
  20  1:49  Supply Depot  
  20  1:53  SCV  
  21  1:59  Marine  
  22  2:06  SCV  
  23  2:12  Factory  
  23  2:13  Refinery  
  23  2:18  SCV  
  23  2:21  Barracks Reactor  
  24  2:30  SCV  
  25  2:42  SCV  
  26  2:51  Orbital Command  
  26  2:54  SCV  
  26  2:57  Starport  
  27  3:06  SCV  
  28  3:17  SCV  
  28  3:18  SCV  
  30  3:20  Command Center  
  30  3:24  Hellion x2  
  34  3:29  SCV  
  34  3:30  SCV  
  34  3:33  Fusion Core  
  36  3:40  Supply Depot  
  36  3:42  SCV x2  
  36  3:44  Starport Tech Lab  
  37  3:49  Hellion  
  37  3:51  Hellion  
  43  3:55  SCV x2  
  43  4:07  SCV  
  43  4:08  SCV  
  45  4:16  Hellion x2  
  49  4:25  SCV x2  
  51  4:32  Battlecruiser  
  51  4:34  Orbital Command  
  56  4:39  SCV x2  
  56  4:41  Marine  
  56  4:45  Refinery  
  59  4:46  Refinery  
  59  4:50  Supply Depot  
  59  4:51  SCV x2  
  61  4:54  Hellion x2  
  66  5:03  SCV x2  
  67  5:13  Supply Depot  
  67  5:15  SCV x2  
  67  5:17  Orbital Command  
  67  5:20  Factory, Hellion x2  
  69  5:21  Factory  
  69  5:27  SCV x2  
  71  5:33  Weapon Refit  
  71  5:37  Supply Depot  
  71  5:39  SCV x2  
  73  5:46  Battlecruiser  
  79  5:51  SCV x2  
  79  5:53  Hellion x2  
  79  5:55  Refinery  
  85  6:01  Supply Depot  
  83  6:04  SCV  
  83  6:05  SCV  
  83  6:09  Factory Tech Lab  
  83  6:10  Factory Tech Lab  
  83  6:13  Supply Depot  
  83  6:15  Supply Depot, Hellion x2  
  83  6:17  SCV  
  88  6:38  Supply Depot  
  88  6:49  Supply Depot  
  88  6:50  Supply Depot  
  86  7:06  Siege Tank  
  85  7:09  Siege Tank  
  85  7:11  Hellion x2  
  86  7:24  SCV  
  86  7:26  Supply Depot  
  87  7:34  Hellion x2  
  87  7:35  Battlecruiser  
  87  7:36  SCV  
  98  7:45  Refinery  
  98  7:48  SCV  
  99  7:53  Orbital Command  
  99  8:00  SCV  
  99  8:04  Orbital Command  
  100  8:09  Refinery  
  100  8:13  SCV, Armory  
  100  8:15  Armory  
  101  8:20  SCV  
  101  8:25  SCV, Supply Depot  
  101  8:26  Supply Depot  
  103  8:30  SCV, Engineering Bay  
  103  8:32  SCV  
  105  8:37  Siege Tank  
  108  8:43  Refinery  
  108  8:47  Siege Tank  
  111  8:51  Hellion x2  
  115  9:05  SCV x3, Factory  
  115  9:06  Factory  
  115  9:08  Supply Depot  
  115  9:09  Supply Depot  
  118  9:13  Hellion x5  
  118  9:15  Siege Tank  
  121  9:17  SCV x3  
  121  9:19  Hellion  
  121  9:20  Hellion  
  123  9:29  SCV x2  
  123  9:31  SCV, Siege Tank  
  109  9:40  Hellion  
  109  9:41  SCV, Hellion  
  109  9:43  SCV  
  115  9:52  Missile Turret  
  114  9:53  Missile Turret  
  114  9:55  Supply Depot  
  114  9:56  Missile Turret  
  114  9:57  Supply Depot  
  114  9:59  Supply Depot  
Tags
 
Add a new tag
Caveats
  • Supply blocks, unpowered buildings, or Contaminate may cause inaccurate times.
  • Supply counts are checked every 10 seconds.